 Dungeon Crawl Stone Soup version 0.31.0-32-g396128a36d (webtiles) character file.

Game seed: 14235644814973110369

224 imdaedric the Sneak (level 5, 0/27 HPs)
             Began as a Spriggan Brigand on Apr 24, 2024.
             Slain by Grinder (4 damage)
             ... on level 4 of the Dungeon.
             The game lasted 00:06:45 (2635 turns).

imdaedric the Sneak (Spriggan Brigand)              Turns: 2635, Time: 00:06:45

Health: 0/27       AC:  4    Str:  7    XL:     5   Next: 67%
Magic:  6/6        EV: 18    Int: 13    God:
Gold:   106        SH:  0    Dex: 18    Spells: 4/4 levels left

rFire   . . .        f - +2 dagger (venom)
rCold   . . .        (no shield)
rNeg    . . .        b - +0 robe
rPois   .            (helmet restricted)
rElec   .            c - +1 cloak
rCorr   .            (gloves unavailable)
SInv    +            (boots unavailable)
Will    .....        (no amulet)
Stlth   ++++         (no ring)
HPRegen 0.24/turn    (no ring)
MPRegen 0.10/turn

%: no passive effects
@: very quick
A: very small, no large weapons, unfitting armour, see invisible, speed 3
a: no special abilities


You were on level 4 of the Dungeon.
You visited 1 branch of the dungeon, and saw 4 of its levels.

You collected 106 gold pieces.

Inventory:

Hand Weapons
 f - a +2 dagger of venom (weapon)
 n - a +0 rapier
Missiles
 e - a curare-tipped dart
Armour
 b - a +0 robe (worn)
 c - a +1 cloak (worn)
Jewellery
 j - a ring of magical power
Wands
 a - a wand of charming (4)
Scrolls
 l - 2 scrolls of enchant armour
 m - 2 scrolls of teleportation
Potions
 g - a potion of might {unknown}
 h - a potion of curing {unknown}
 i - 2 potions of heal wounds
 k - a potion of attraction {unknown}


   Skills:
 + Level 2.5 Fighting
 + Level 3.5 Short Blades
 + Level 3.2 Throwing
 + Level 3.4 Dodging
 + Level 7.0 Stealth


You had 4 spell levels left.
You didn't know any spells.
Your spell library was empty.

Dungeon Overview and Level Annotations

Branches:
Dungeon (4/15)
 Temple: D:4-7

Altars:
The Shining One

Shops:
D:3 (

Annotations:
D:2 Natasha
D:4 Grinder


Innate Abilities, Weirdness & Mutations

You are very small and have problems with some larger weapons.
You are too small for most types of armour.
You have supernaturally acute eyesight. (SInv)
You cover ground extremely quickly. (Speed+++)


Message History

Grinder is moderately wounded.
Throw: dart (poison)
Press: ? - help, Q - select action, (/) - cycle Shift-Dir - straight line, f/p - Grinder
Aim: Grinder (moderately wounded, 57% to hit)
You throw a poisoned dart. The poisoned dart hits Grinder.
Grinder is moderately wounded.
Grinder gestures at you. You resist with significant effort.
You hit Grinder but do no damage.
Grinder is moderately wounded.
Grinder hits you.
You writhe in agony.
You hit Grinder.
Grinder is heavily wounded.
You barely miss Grinder.
Grinder is heavily wounded.
Grinder closely misses you.
You barely miss Grinder.
Grinder is heavily wounded.
Grinder hits you.
You hit Grinder.
Grinder is poisoned.
Grinder is heavily wounded.
Grinder barely misses you.
You hit Grinder but do no damage.
Grinder is heavily wounded.
Grinder hits you but does no damage.
You hit Grinder but do no damage.
Grinder is heavily wounded.
Grinder hits you.
You writhe in agony.
* * * LOW HITPOINT WARNING * * *
You hit Grinder but do no damage.
Grinder looks as sick as possible!
Grinder is heavily wounded.
Grinder hits you.
* * * LOW HITPOINT WARNING * * *
You hit Grinder.
Grinder is heavily wounded.
You barely miss Grinder.
Grinder is severely wounded.
Grinder hits you.
You die...
Grinder says, "Hey, I wasn't done torturing you yet!"

#....... #......# ##.......
#.....#.. #.#.†..#. #.#.#...#
#....#..#
########################.#...###
#.........((((5@((..........#...
#.........##.############..#....
#.........##..# ##5.....
#.......>.###.### #.#....
#..........##...# #..#...
#...........###.# #...###
#.........#.....## #..#..#
#.........#####..# #.#...#
#......<..# #..# ##....#.


You could see Grinder (extremely poisoned).

Vanquished Creatures
  A bombardier beetle (D:3)
  A jelly (D:3)
  A hound (D:4)
  Natasha (twice) (D:2)
  3 adders
  4 ribbon worms
  5 ball pythons
  4 bats (D:3)
  3 endoplasms
  A giant cockroach (D:1)
  4 goblins
  5 hobgoblins
  A quokka (D:4)
  4 frilled lizards
  7 kobolds
  3 rats
49 creatures vanquished.

Notes
Turn   | Place    | Note
-------+----------+-------------------------------------------
     0 | D:1      | imdaedric the Spriggan Brigand began the quest for the Orb.
     0 | D:1      | Reached XP level 1. HP: 10/10 MP: 2/2
    65 | D:1      | Reached skill level 6 in Stealth
   180 | D:1      | Reached XP level 2. HP: 12/15 MP: 3/3
   687 | D:2      | Reached XP level 3. HP: 18/18 MP: 4/4
   886 | D:2      | Noticed Natasha
   998 | D:2      | Killed Natasha
   999 | D:2      | Reached XP level 4. HP: 23/23 MP: 5/5
  1051 | D:2      | Noticed Natasha
  1060 | D:2      | Killed Natasha
  1258 | D:2      | Noticed Natasha
  1745 | D:3      | Reached XP level 5. HP: 27/27 MP: 6/6
  1798 | D:3      | Found Plog's Antique Weapon Shoppe.
  1979 | D:3      | Found a glowing golden altar of the Shining One.
  2354 | D:4      | Reached skill level 7 in Stealth
  2422 | D:4      | Noticed Grinder
  2424 | D:4      | Paralysed by Grinder for 4 turns
  2488 | D:4      | Paralysed by Grinder for 2 turns
  2635 | D:4      | Slain by Grinder

Illustrated notes

Levels and vault maps discovered:
D:1:      ncdulo_smallfort, layout_rooms
D:2:      layout_loops_cross, uniq_natasha
D:3:      layout_basic, nicolae_tso_carved_into_rock, serial_shops,
          nicolae_shop_dealshenge
D:4:      layout_rooms, mainiacjoe_overflow_concentric_impassable,
          mainiacjoe_overflow_tiny_flanked, serial_shops, nicolae_shop_crystal,
          minmay_splitting_lines, chequers_serial_rivers_micro_d,
          nicolae_shop_vocational, uniq_grinder, uniq_sigmund

Skill      XL: |  1  2  3  4  5 |
---------------+----------------+-----
Stealth        | 6 7 |  7.0
Dodging        | 2 3 |  3.4
Fighting       | 2 |  2.5
Short Blades   | 3 |  3.5
Throwing       | 3 |  3.2

Action                     |  1- 3 |  4- 6 || total
---------------------------+-------+-------++-------
  Melee: Dagger            |    87 |    71 ||   158
         Punch             |       |     1 ||     1
  Throw: Dart              |     9 |    29 ||    38
    Use: Scroll            |       |     8 ||     8
   Stab: Sleeping          |     9 |    11 ||    20
 Armour: Robe              |    23 |    23 ||    46
  Dodge: Dodged            |    41 |    31 ||    72
